Map: Frost LE

Players

Optimus - Winner!

  • Race: Terran Terran
  • League: Master

SortOf

  • Race: Zerg Zerg
  • League: Master

VOD

Have the link to the VOD?

Description

Time

  • Played on: Oct. 26, 2016, 7:11 a.m.
  • Length: 4:42
Show
View Real Time Build Order
Export as new Build Order

Optimus Terran - Winner!

Build Orders: Reaper Expand 

Get SALT Encoding   

  12  0:00  SCV  
  13  0:12  SCV  
  14  0:17  Supply Depot  
  14  0:24  SCV  
  15  0:38  SCV  
  15  0:40  Barracks  
  16  0:44  Refinery  
  16  0:50  SCV  
  17  1:03  SCV  
  18  1:15  SCV  
  19  1:27  Reaper, Orbital Command  
  20  1:41  Command Center, Unknown  
  20  1:52  Barracks  
  20  1:56  SCV  
  20  1:59  Barracks Reactor  
  21  2:07  Supply Depot  
  21  2:09  SCV  
  22  2:16  Refinery  
  22  2:21  SCV  
  23  2:27  Factory  
  23  2:33  SCV  
  23  2:36  Marine x2  
  26  2:45  SCV  
  26  2:50  Barracks Tech Lab  
  27  2:53  Unknown  
  27  2:54  Marine, Orbital Command  
  27  2:57  SCV  
  29  2:59  Marine  
  30  3:09  SCV  
  30  3:10  Marine  
  32  3:13  Marine  
  32  3:17  Marine  
  34  3:20  SCV  
  34  3:21  SCV  
  34  3:26  Starport  
  36  3:28  Marine  
  36  3:32  SCV, Marine  
  39  3:34  Marine  
  39  3:36  SCV  
  39  3:38  Factory Reactor  
  41  3:44  SCV  
  41  3:46  Marine  
  41  3:48  SCV  
  44  3:50  Marine  
  44  3:52  Marine  
  45  3:56  SCV  
  45  3:58  Supply Depot  
  45  3:59  Supply Depot  
  45  4:01  Engineering Bay  
  46  4:06  Engineering Bay  
  46  4:21  SCV x2  
  46  4:22  Supply Depot, Marine x3  
Show
View Real Time Build Order
Export as new Build Order

SortOf Zerg 

Build Orders: Pool First 

Get SALT Encoding   

  12  0:01  Drone  
  13  0:12  Overlord  
  13  0:16  Drone  
  14  0:30  Drone x2  
  16  0:36  Drone  
  17  0:47  Spawning Pool  
  17  0:49  Drone  
  18  0:57  Drone  
  18  1:00  Extractor  
  17  1:09  Drone  
  18  1:22  Unknown, Hatchery  
  18  1:23  Drone  
  18  1:29  Drone  
  19  1:38  Queen  
  21  1:43  Overlord  
  21  1:49  Zergling x2  
  22  2:03  Zergling x2  
  23  2:10  Drone  
  23  2:11  Metabolic Boost  
  23  2:14  Queen  
  26  2:24  Zergling x2  
  26  2:33  Unknown  
  26  2:37  Zergling x2  
  26  2:48  Queen, Drone x2  
  26  2:49  Drone x3  
  26  2:50  Lair  
  33  2:53  Drone  
  34  2:59  Overlord  
  34  3:04  Drone  
  35  3:06  Zergling x2  
  36  3:17  Overlord  
  36  3:23  Drone x4  
  36  3:24  Drone  
  36  3:25  Drone  
  42  3:31  Extractor  
  42  3:32  Queen  
  43  3:36  Drone  
  44  3:57  Queen  
  44  3:59  Overlord, Nydus Network  
  45  4:15  Overlord  
  45  4:24  Overlord  
  47  4:25  Extractor  
  46  4:36  Nydus Canal  
Tags
 
Add a new tag
Caveats
  • Supply blocks, unpowered buildings, or Contaminate may cause inaccurate times.
  • Supply counts are checked every 10 seconds.